[Event "Late Titled Tuesday Blitz February 8 2022"]
[White "Michelakos, Panagiotis"]
[Black "Zhigalko, Sergei"]
[WhiteFideId "4216067"]
[BlackFideId "13502956"]
[WhiteElo "2140"]
[BlackElo "2662"]
[Result "0-1"]
[Round "06"]
[TimeControl "180+1"]
[Date "2022.02.08"]
[WhiteClock "0:00:03"]
[BlackClock "0:00:20"]

1. d4 Nf6 2. c4 e6 3. Nc3 Bb4 4. e3 O-O 5. Bd3 d5 6. Nf3 b6 7. O-O Bb7 8. cxd5 exd5 9. a3 Bd6 10. b4 a6 11. Qb3 Qe7 12. Bb2 Nbd7 13. Rac1 b5 14. a4 c6 15. Na2 Nb6 16. Ne5 Nc4 17. Bc3 Rfe8 18. Bxc4 bxc4 19. Qc2 Ne4 20. Nf3 Bc8 21. Nd2 Bf5 22. Nxe4 Bxe4 23. Qd2 Bxh2+ 24. Kxh2 Qh4+ 25. Kg1 Bxg2 26. f3 Bxf1 27. Rxf1 Re6 28. Rf2 Rae8 29. e4 dxe4 30. fxe4 Rg6+ 31. Rg2 Rxe4 32. d5 cxd5 33. Rxg6 hxg6 34. Qxd5 Qg3+ 35. Kf1 Qf3+ 36. Kg1 Rg4+ 0-1


[Site "https://www.chess.com"]

[Event "Late Titled Tuesday Blitz February 8 2022"]
[White "Mirza, Diana"]
[Black "Rodrigues Mota, Romulo Cardoso S"]
[WhiteFideId "2503999"]
[BlackFideId "2187442"]
[WhiteElo "1813"]
[BlackElo "1719"]
[Result "0-1"]
[Round "06"]
[TimeControl "180+1"]
[Date "2022.02.09"]
[WhiteClock "0:01:10"]
[BlackClock "0:01:04"]

1. e4 c5 2. Nf3 g6 3. d4 cxd4 4. Nxd4 Bg7 5. Nc3 Nc6 6. Be3 Nf6 7. f3 O-O 8. Bc4 Qb6 9. Rb1 Nxe4 10. Nf5 Qb4 11. Nxg7 Nxc3 12. bxc3 Qxc3+ 13. Qd2 Qxc4 14. Bh6 Nd4 15. c3 Nc2+ 16. Qxc2 Qh4+ 17. Kf1 Qxh6 0-1


[Site "https://www.chess.com"]

[Event "Late Titled Tuesday Blitz February 8 2022"]
[White "Mirzoev, Azer"]
[Black "Vovk, Orest"]
[WhiteFideId "13400304"]
[BlackFideId "14113490"]
[WhiteElo "2525"]
[BlackElo "2203"]
[Result "0-1"]
[Round "06"]
[TimeControl "180+1"]
[Date "2022.02.09"]
[WhiteClock "0:00:12"]
[BlackClock "0:00:09"]

1. Nf3 h6 2. c4 g5 3. d4 Bg7 4. Nc3 c5 5. d5 Bxc3+ 6. bxc3 d6 7. e4 Qa5 8. Bd2 Bg4 9. h3 Bxf3 10. Qxf3 Nd7 11. Be2 Qa4 12. O-O Ne5 13. Qf5 Qd7 14. Qxd7+ Kxd7 15. f4 gxf4 16. Bxf4 Nf6 17. a4 Nxe4 18. Bxe5 dxe5 19. Rxf7 Nd6 20. Rf3 Raf8 21. Re3 e4 22. a5 h5 23. Rb1 Kc7 24. Rg3 Rf7 25. Rg6 h4 26. Re6 Rg8 27. Rf1 Rxf1+ 28. Kxf1 Kd8 29. Kf2 Rg3 30. Rh6 Nf5 31. Rh5 Nd6 32. Rxh4 Rxc3 33. Rh8+ Kc7 34. h4 Nf5 35. Bg4 e3+ 36. Kf3 Nd4+ 37. Ke4 e2 38. Bxe2 Nxe2 39. g4 Rxc4+ 40. Kf5 Ng3+ 41. Kg5 Ne4+ 42. Kg6 Nf6 43. g5 Nxd5 44. h5 Rh4 45. h6 c4 46. Rf8 Nf4+ 47. Kh7 c3 48. g6 c2 49. g7 Rg4 50. Rxf4 Rxf4 51. g8=Q c1=Q 52. Qg3 Qf1 53. Kg7 Kd8 54. h7 Rf7+ 55. Kh6 Qf6+ 56. Qg6 Qxg6+ 57. Kxg6 Rxh7 58. Kxh7 b6 59. a6 b5 60. Kg6 Kc7 61. Kf5 Kb6 62. Ke5 Kxa6 63. Ke6 Ka5 0-1


[Site "https://www.chess.com"]

[Event "Late Titled Tuesday Blitz February 8 2022"]
[White "Mladenovic, Stefan"]
[Black "Okike, David"]
[WhiteFideId "942227"]
[BlackFideId "8500134"]
[WhiteElo "2355"]
[BlackElo "2232"]
[Result "1-0"]
[Round "06"]
[TimeControl "180+1"]
[Date "2022.02.09"]
[WhiteClock "0:00:41"]
[BlackClock "0:00:40"]

1. d4 Nf6 2. Nf3 e6 3. e3 c5 4. Bd3 d5 5. b3 Be7 6. O-O O-O 7. Bb2 Ne4 8. Nbd2 f5 9. dxc5 Nxc5 10. Be2 Ne4 11. c4 Bf6 12. Qc2 Nc6 13. a3 Nxd2 14. Qxd2 dxc4 15. Qxd8 Rxd8 16. Bxf6 gxf6 17. Bxc4 Na5 18. Rac1 Bd7 19. Rfd1 Kf7 20. Nd4 Nxc4 21. Rxc4 Rac8 22. Nxf5 exf5 23. Rxc8 Rxc8 24. Rxd7+ Ke6 25. Rd1 Rc3 26. Rb1 f4 27. exf4 Kf5 28. g3 Ke4 29. Kg2 Rc2 30. Re1+ Kf5 31. Re7 b6 32. Rxa7 h5 33. Rb7 Rc6 34. a4 Ke4 35. b4 Kd4 36. a5 bxa5 37. bxa5 Ra6 38. Rb5 h4 39. gxh4 Ke4 40. h5 Kxf4 41. h6 f5 42. h7 Rh6 43. a6 Rxh7 44. Rb7 Rh6 45. Rb4+ Ke5 46. Ra4 Rg6+ 47. Kf3 Rg8 48. a7 Ra8 49. h4 f4 50. h5 Kf5 51. h6 Kg6 52. Ra6+ Kh7 53. Kxf4 Rf8+ 54. Kg4 Ra8 55. Kh5 Kh8 56. f4 Kh7 57. f5 Kh8 58. Kg5 Rg8+ 59. Kf4 Ra8 60. Ke5 Kg8 61. Kd6 Kf7 62. Kc7 Kg8 63. Kb7 Rf8 64. a8=Q Kh7 65. Qc8 Re8 66. Qd7+ 1-0


[Site "https://www.chess.com"]

[Event "Late Titled Tuesday Blitz February 8 2022"]
[White "Mogranzini, Roberto"]
[Black "Punin, Andrii"]
[WhiteFideId "810894"]
[BlackFideId "14112639"]
[WhiteElo "2469"]
[BlackElo "2357"]
[Result "0-1"]
[Round "06"]
[TimeControl "180+1"]
[Date "2022.02.09"]
[WhiteClock "0:00:19"]
[BlackClock "0:00:12"]

1. e4 c6 2. Nf3 d5 3. d3 dxe4 4. Ng5 Nf6 5. Nc3 Bg4 6. Qd2 exd3 7. Bxd3 e6 8. f3 Bf5 9. Bxf5 Qxd2+ 10. Bxd2 exf5 11. O-O-O Be7 12. Rhe1 Kf8 13. Bf4 Nbd7 14. Rxe7 Kxe7 15. Bd6+ Ke8 16. Re1+ Ne4 17. fxe4 f4 18. e5 Nf8 19. Bxf8 Kxf8 20. e6 fxe6 21. Nxe6+ Kf7 22. Nxf4 g5 23. Nd3 Rae8 24. Ne4 Kg6 25. Kd2 Rhf8 26. Nd6 Rxe1 27. Kxe1 b6 28. Ne5+ Kh6 29. Nxc6 Rf6 30. Nd4 Kg6 31. N6f5 b5 32. g4 b4 33. Kd2 Ra6 34. b3 Rxa2 35. Kd3 Ra1 36. h4 gxh4 37. Nxh4+ Kg5 38. Ng2 Kxg4 39. Ne3+ Kg5 40. Nd5 a5 41. Ne6+ Kf5 42. Nd4+ Ke5 43. Ne3 h5 44. Nc4+ Kf4 45. Nc6 h4 46. Nd4 h3 47. Ne2+ Kf3 48. Ne5+ Kf2 49. Ng4+ Ke1 50. Nf4 Rd1+ 51. Kc4 Rc1 52. Nxh3 Rxc2+ 53. Kb5 Rb2 54. Kxa5 Rxb3 55. Nf4 Rc3 56. Nd5 Rc5+ 57. Kxb4 Rxd5 58. Ne3 Rd3 59. Nc4 Ke2 60. Ne5 Rd5 61. Nc4 Kd3 62. Nb2+ Kd4 63. Kb3 Rb5+ 64. Kc2 Rb8 65. Kd2 Rxb2+ 0-1


[Site "https://www.chess.com"]

[Event "Late Titled Tuesday Blitz February 8 2022"]
[White "Moore, Nicholas"]
[Black "Chernomordik, Pavel"]
[WhiteFideId "4303709"]
[BlackFideId "2804530"]
[WhiteElo "2295"]
[BlackElo "2249"]
[Result "1-0"]
[Round "06"]
[TimeControl "180+1"]
[Date "2022.02.09"]
[WhiteClock "0:00:22"]
[BlackClock "0:01:04"]

1. d4 g6 2. c4 Bg7 3. Nc3 d6 4. e4 c6 5. Be2 a6 6. Nf3 b5 7. O-O Nf6 8. Qc2 bxc4 9. Bxc4 Bg4 10. Ng5 O-O 11. f3 Bc8 12. Be3 h6 13. Nh3 Bxh3 14. gxh3 d5 15. Bb3 Qd7 16. Qg2 dxe4 17. fxe4 Kh7 18. e5 Nh5 19. Bxf7 Rxf7 20. Rxf7 Qe6 21. Raf1 Nd7 22. Ne4 Rg8 23. Kh1 c5 24. Bxh6 Kxh6 25. Qg5+ Kh7 26. Qxh5+ gxh5 27. Ng5+ Kg6 28. Nxe6 cxd4 29. Rxg7+ Rxg7 30. Rg1+ Kf5 31. Nxg7+ Kxe5 32. Nxh5 d3 33. Ng3 Nc5 34. h4 Kf4 35. Nf1 Ne4 36. Rg2 Kf3 37. Kg1 e5 38. h5 Nf6 39. h6 e4 40. Rg3+ Kf4 41. Kf2 e3+ 42. Nxe3 Ne4+ 43. Ke1 Nxg3 44. hxg3+ Kxe3 45. h7 d2+ 46. Kd1 Kd3 47. h8=Q 1-0


[Site "https://www.chess.com"]

[Event "Late Titled Tuesday Blitz February 8 2022"]
[White "Moroni, Luca Jr"]
[Black "Deac, Bogdan-Daniel"]
[WhiteFideId "865834"]
[BlackFideId "1226380"]
[WhiteElo "2573"]
[BlackElo "2646"]
[Result "1/2-1/2"]
[Round "06"]
[TimeControl "180+1"]
[Date "2022.02.08"]
[WhiteClock "0:00:09"]
[BlackClock "0:00:09"]

1. d4 Nf6 2. c4 g6 3. Nc3 d5 4. cxd5 Nxd5 5. e4 Nxc3 6. bxc3 Bg7 7. Bb5+ c6 8. Ba4 b5 9. Bb3 a5 10. Nf3 a4 11. Bc2 O-O 12. O-O c5 13. Rb1 Bg4 14. Rxb5 Bxf3 15. Qxf3 cxd4 16. cxd4 Nc6 17. Be3 Nxd4 18. Bxd4 Qxd4 19. a3 Rfd8 20. Rb4 Qd2 21. Rc4 Rd4 22. Rxd4 Bxd4 23. e5 Ra5 24. e6 fxe6 25. Bd3 Bf6 26. Bc4 Kg7 27. Bxe6 Re5 28. Bc4 Qc2 29. Qd3 Qxd3 30. Bxd3 Rc5 31. g3 Rc3 32. Bb5 Rxa3 33. Re1 Ra2 34. Re4 a3 35. Ra4 Ra1+ 36. Kg2 Bb2 37. Bc4 Rc1 38. Bd5 h5 39. Ra7 Kf6 40. Ra6+ Kg7 41. Ra7 Re1 42. h4 Re5 43. Bc4 Re1 44. Bd3 Kf6 45. Ra6+ e6 46. Bc4 Re4 47. Ba2 Re2 48. Bc4 Re4 49. Ba2 Re5 50. Bb3 Re1 51. Ba2 Bc1 52. Bb3 Bb2 53. Ba2 Re4 54. Bb3 Re5 55. Ba2 Re1 56. Bb3 Kf5 57. Bc2+ Kf6 58. Bb3 Re5 59. Ba2 Ke7 60. Bb3 Kd7 61. Ba2 Ke7 62. Bb3 Kf7 63. Ba2 Kf6 64. Bb3 Bd4 65. Rxa3 Rf5 66. Ra2 g5 67. Re2 e5 68. hxg5+ Kxg5 69. Bc2 Rf6 70. Be4 h4 71. gxh4+ Kxh4 72. Rd2 Kg4 73. Re2 Kf4 74. Bd3 Kg5 75. f3 Rf7 76. Re4 Rf4 77. Rxf4 Kxf4 78. Be4 Be3 79. Kf1 Bd4 80. Ke2 Be3 81. Kf1 Bd4 82. Ke2 Be3 83. Kf1 1/2-1/2


[Site "https://www.chess.com"]

[Event "Late Titled Tuesday Blitz February 8 2022"]
[White "Mortazavi, Ali"]
[Black "Mikhalsky, Vladimir"]
[WhiteFideId "401323"]
[BlackFideId "14144352"]
[WhiteElo "2339"]
[BlackElo "2248"]
[Result "1-0"]
[Round "06"]
[TimeControl "180+1"]
[Date "2022.02.09"]
[WhiteClock "0:00:20"]
[BlackClock "0:00:03"]

1. Nf3 c5 2. g3 Nc6 3. Bg2 e5 4. O-O d5 5. d3 f6 6. c4 d4 7. e3 Be6 8. exd4 cxd4 9. Re1 Qd7 10. a3 a5 11. Qa4 Bd6 12. b4 Nge7 13. Nbd2 O-O 14. b5 Nd8 15. Ne4 b6 16. Nxd6 Qxd6 17. Nxe5 Rc8 18. Nf3 Bf5 19. Qd1 Nb7 20. Bf4 Qd7 21. Rxe7 Qxe7 22. Nxd4 Bg6 23. Nc6 Qd7 24. d4 Kh8 25. h4 Nd6 26. Rc1 Rfe8 27. a4 Be4 28. c5 Bxg2 29. Kxg2 Nc4 30. Qf3 Nb2 31. Qb3 Rxc6 32. bxc6 Qxc6+ 33. d5 Qxa4 34. Qxb2 bxc5 35. d6 Qe4+ 36. Kg1 Qf3 37. d7 Rd8 38. Bc7 Rg8 39. d8=Q Rxd8 40. Bxd8 1-0


[Site "https://www.chess.com"]

[Event "Late Titled Tuesday Blitz February 8 2022"]
[White "Mustafayev, Farid"]
[Black "Makarian, Rudik"]
[WhiteFideId "13408771"]
[BlackFideId "44105681"]
[WhiteElo "2129"]
[BlackElo "2486"]
[Result "1-0"]
[Round "06"]
[TimeControl "180+1"]
[Date "2022.02.08"]
[WhiteClock "0:00:55"]
[BlackClock "0:00:03"]

1. Nf3 Nf6 2. g3 b5 3. Bg2 Bb7 4. O-O e6 5. d3 c5 6. a4 b4 7. Nbd2 d5 8. e4 Be7 9. b3 O-O 10. Bb2 Nc6 11. Re1 h6 12. exd5 exd5 13. d4 Qb6 14. a5 Qd8 15. a6 Bc8 16. Ne5 Bd7 17. Nxd7 Qxd7 18. dxc5 Rad8 19. c4 bxc3 20. Bxc3 d4 21. Bb2 Bxc5 22. Nc4 Rfe8 23. Qf3 Nb4 24. Rxe8+ Rxe8 25. Qb7 Qf5 26. Qb5 Re2 27. Bxd4 Nd3 28. Nd6 Qe6 29. Bxc5 Qe5 30. Qxd3 Qxa1+ 31. Bf1 Re1 32. Bxa7 Rd1 33. Qb5 1-0


[Site "https://www.chess.com"]

[Event "Late Titled Tuesday Blitz February 8 2022"]
[White "Myers, Dominique"]
[Black "Laith, Kasib"]
[WhiteFideId "2041715"]
[BlackFideId "4801059"]
[WhiteElo "1986"]
[BlackElo "1982"]
[Result "0-1"]
[Round "06"]
[TimeControl "180+1"]
[Date "2022.02.09"]
[WhiteClock "0:00:58"]
[BlackClock "0:00:24"]

1. e4 d6 2. d4 Nf6 3. Nc3 g6 4. Nge2 Bg7 5. Be3 c6 6. f3 b5 7. Qd2 Nbd7 8. O-O-O Nb6 9. Ng3 b4 10. Nb1 a5 11. h4 h5 12. Bd3 Be6 13. b3 O-O 14. Bh6 a4 15. Bxg7 axb3 16. cxb3 Kxg7 17. e5 dxe5 18. dxe5 Nh7 19. Qe3 Nd5 20. Qd2 Qa5 21. Qc2 Ne3 22. Qb2 Nxd1 23. Rxd1 Qxa2 24. Nd2 Rfd8 25. Nde4 Bxb3 26. Rd2 Qa1+ 27. Qxa1 Rxa1+ 28. Kb2 Ra2+ 29. Kxb3 Rxd2 30. Bc4 Rxg2 31. Kxb4 Rh2 32. Kc5 Rxh4 33. Kxc6 Rf4 34. Be2 h4 35. Nf1 h3 36. Nh2 Rxe4 37. fxe4 Rd2 38. Bg4 Rxh2 39. Kd7 Kf8 40. e6 fxe6 41. Kxe6 Nf6 42. Bd1 Rf2 0-1


[Site "https://www.chess.com"]

[Event "Late Titled Tuesday Blitz February 8 2022"]
[White "Nihal Sarin"]
[Black "Sadhwani, Raunak"]
[WhiteFideId "25092340"]
[BlackFideId "35093487"]
[WhiteElo "2705"]
[BlackElo "2616"]
[Result "0-1"]
[Round "06"]
[TimeControl "180+1"]
[Date "2022.02.08"]
[WhiteClock "0:00:01"]
[BlackClock "0:00:16"]

1. Nf3 d5 2. d4 Nf6 3. c3 Bf5 4. Qb3 Qc8 5. c4 e6 6. Nc3 c6 7. Bf4 Nbd7 8. e3 Nh5 9. Bg5 h6 10. Bh4 Rb8 11. Rc1 g5 12. Bg3 Nxg3 13. hxg3 Qd8 14. cxd5 exd5 15. Qd1 Bg7 16. Bd3 Qf6 17. Bxf5 Qxf5 18. Qc2 Qxc2 19. Rxc2 f5 20. Ke2 O-O 21. b4 a6 22. a4 Rfe8 23. b5 axb5 24. axb5 f4 25. gxf4 gxf4 26. Rb1 fxe3 27. fxe3 Rbd8 28. bxc6 bxc6 29. Rb7 h5 30. Na4 Re6 31. Rxd7 Rxd7 32. Nc5 Rde7 33. Nxe6 Rxe6 34. Kd3 Bf6 35. Ng1 Bg5 36. Re2 Be7 37. Nh3 Bd6 38. Rc2 Bg3 39. Ng5 Rg6 40. Nf3 Kf7 41. e4 dxe4+ 42. Kxe4 Rf6 43. Ne5+ Bxe5 44. dxe5 Rg6 45. Kf5 c5 46. Ra2 Rg4 47. Ra7+ Ke8 48. Kf6 Rf4+ 49. Ke6 Kf8 50. Rc7 c4 51. Rc8+ Kg7 52. Ke7 Rg4 53. e6 Rxg2 54. Rxc4 Re2 55. Kd6 Kf6 56. Rf4+ Kg5 0-1


[Site "https://www.chess.com"]

[Event "Late Titled Tuesday Blitz February 8 2022"]
[White "Nogerbek, Kazybek"]
[Black "Nepomniachtchi, Ian"]
[WhiteFideId "13710427"]
[BlackFideId "4168119"]
[WhiteElo "2478"]
[BlackElo "2740"]
[Result "0-1"]
[Round "06"]
[TimeControl "180+1"]
[Date "2022.02.08"]
[WhiteClock "0:01:17"]
[BlackClock "0:02:29"]

1. d4 Nf6 2. c4 e6 3. Nc3 Bb4 4. Qc2 O-O 5. e4 d5 6. e5 Ne4 7. Bd3 c5 8. Ne2 cxd4 9. Nxd4 Nd7 10. Bf4 Qh4 11. g3 Qh5 12. O-O Bxc3 13. bxc3 Nxe5 14. Be2 Ng4 15. Bxg4 Qxg4 16. f3 Qh5 17. fxe4 e5 18. cxd5 exd4 19. cxd4 Bh3 20. Rfe1 Rac8 21. Qf2 Rc3 22. Rac1 Rfc8 23. Qd2 Rxc1 24. Rxc1 Rxc1+ 25. Qxc1 Qe2 0-1


[Site "https://www.chess.com"]

[Event "Late Titled Tuesday Blitz February 8 2022"]
[White "Novikova, Galina"]
[Black "Jarocka, Liwia"]
[WhiteFideId "4157095"]
[BlackFideId "21807558"]
[WhiteElo "1863"]
[BlackElo "1896"]
[Result "0-1"]
[Round "06"]
[TimeControl "180+1"]
[Date "2022.02.09"]
[WhiteClock "0:00:06"]
[BlackClock "0:01:07"]

1. e4 d6 2. d4 Nf6 3. Nc3 e6 4. f3 Be7 5. Be3 O-O 6. Qd2 c6 7. O-O-O e5 8. g4 exd4 9. Bxd4 Nfd7 10. Kb1 b5 11. Nce2 Nb6 12. Ng3 N8d7 13. Nf5 Ne5 14. Nxg7 Kxg7 15. f4 Bxg4 16. Be2 Bxe2 17. Nxe2 c5 18. fxe5 cxd4 19. Nxd4 Kh8 20. Nf5 Rg8 21. exd6 Bf6 22. Rhe1 Nc4 23. Qh6 Bxb2 24. Ne7 Bg7 25. Qh5 Qa5 26. Re3 Nxe3 27. Rg1 Qb4+ 28. Kc1 Bb2+ 29. Kb1 Rxg1+ 0-1


[Site "https://www.chess.com"]

[Event "Late Titled Tuesday Blitz February 8 2022"]
[White "Ozen, Deniz"]
[Black "Al-Tarboush, Ward"]
[WhiteFideId "6349196"]
[BlackFideId "7601450"]
[WhiteElo "2326"]
[BlackElo "2276"]
[Result "1-0"]
[Round "06"]
[TimeControl "180+1"]
[Date "2022.02.08"]
[WhiteClock "0:01:41"]
[BlackClock "0:00:04"]

1. e4 b6 2. Nc3 Bb7 3. d4 e6 4. Bd3 Bb4 5. Qe2 d5 6. exd5 Qxd5 7. Nf3 Nf6 8. O-O Bxc3 9. bxc3 Qh5 10. Re1 Bxf3 11. Qxf3 Qxf3 12. gxf3 O-O 13. Bf4 Nd5 14. Bg3 c6 15. c4 Ne7 16. c5 Nd7 17. Ba6 bxc5 18. Bd6 Rae8 19. dxc5 Nd5 20. Bb7 Nb4 21. Rec1 Rb8 22. Bxb8 Rxb8 23. a3 Nd5 24. Bxc6 Nxc5 25. Rab1 Rc8 26. Bxd5 exd5 27. Rb5 g6 28. Rcb1 Rc7 29. Ra5 Kg7 30. Rab5 Ne6 31. Rxd5 Rxc2 32. Rd7 a5 33. Ra7 Rc5 34. Rbb7 Rf5 35. Kf1 Nd4 36. a4 Nxf3 37. Rb5 Rf4 38. Rbxa5 Nxh2+ 39. Kg2 Ng4 40. f3 Ne3+ 41. Kf2 Rf6 42. Kxe3 1-0


[Site "https://www.chess.com"]

[Event "Late Titled Tuesday Blitz February 8 2022"]
[White "Pakleza, Zbigniew"]
[Black "Musovic, Armin"]
[WhiteFideId "1119290"]
[BlackFideId "939935"]
[WhiteElo "2467"]
[BlackElo "2250"]
[Result "1-0"]
[Round "06"]
[TimeControl "180+1"]
[Date "2022.02.09"]
[WhiteClock "0:00:04"]
[BlackClock "0:00:02"]

1. d4 d5 2. Bf4 c5 3. c3 Nc6 4. e3 a6 5. Nd2 f6 6. Ngf3 Bg4 7. Be2 e6 8. h3 Bh5 9. O-O Bd6 10. Bxd6 Qxd6 11. Qb3 Nge7 12. Qa3 e5 13. dxc5 Qc7 14. e4 O-O 15. exd5 Nxd5 16. Bc4 Bf7 17. Ne4 Kh8 18. Nd6 Bg8 19. Rad1 Nce7 20. b4 g6 21. Rfe1 Rad8 22. Qb2 Qc6 23. Bxd5 Nxd5 24. c4 Nf4 25. Rxe5 Nxh3+ 26. Kh2 Nxf2 27. Qxf2 fxe5 28. Qg3 Bxc4 29. Nxe5 Qa4 30. Ndf7+ Kg7 31. Rxd8 Bxf7 32. Rxf8 Kxf8 33. Qf4 Qe8 34. Qf6 Kg8 35. a3 Bd5 36. Kg3 Qb8 37. Kf2 a5 38. Ng4 Qf8 39. Ke3 Qe8+ 40. Kd2 h5 41. Ne5 Be4 42. bxa5 Bf5 43. Ke3 h4 44. Kf4 Qa4+ 45. Kg5 Qe8 46. Nxg6 Qe3+ 47. Kxf5 Qd3+ 48. Kg5 Qg3+ 49. Kh6 Qc7 50. Ne7+ Qxe7 51. Qxe7 1-0


[Site "https://www.chess.com"]

[Event "Late Titled Tuesday Blitz February 8 2022"]
[White "Papasimakopoulos, Alexandros"]
[Black "Migot, Tangi"]
[WhiteFideId "4244125"]
[BlackFideId "662445"]
[WhiteElo "2340"]
[BlackElo "2545"]
[Result "1-0"]
[Round "06"]
[TimeControl "180+1"]
[Date "2022.02.09"]
[WhiteClock "0:01:52"]
[BlackClock "0:00:19"]

1. d4 d5 2. c4 c6 3. cxd5 cxd5 4. Bf4 Nc6 5. e3 Nf6 6. Nc3 a6 7. Bd3 Bg4 8. Nge2 e6 9. O-O Bd6 10. f3 Bh5 11. Rc1 Bg6 12. Na4 Bxd3 13. Qxd3 O-O 14. Nc5 Bxf4 15. Nxf4 Qe7 16. Qb3 Rab8 17. Nfd3 e5 18. dxe5 Nxe5 19. Nxe5 Qxe5 20. Qc3 Qe7 21. Qd4 Rfe8 22. Rc3 Rbc8 23. Re1 Rc6 24. Nd3 Rxc3 25. Qxc3 Qd6 26. Nf4 d4 27. Qd2 Qe5 28. e4 Rc8 29. Ne2 Rd8 30. Rd1 d3 31. Nc1 Qd4+ 32. Kf1 Qe5 33. g3 Qe6 34. Kg2 Qxa2 35. Nxa2 1-0


[Site "https://www.chess.com"]

[Event "Late Titled Tuesday Blitz February 8 2022"]
[White "Petersson, Kjell"]
[Black "Rudzinska, Michalina"]
[WhiteFideId "1705148"]
[BlackFideId "1172883"]
[WhiteElo "2009"]
[BlackElo "1904"]
[Result "0-1"]
[Round "06"]
[TimeControl "180+1"]
[Date "2022.02.09"]
[WhiteClock "0:00:11"]
[BlackClock "0:01:35"]

1. d4 c6 2. Bf4 d5 3. e3 Nf6 4. Nd2 Bf5 5. c4 e6 6. Qb3 Qc8 7. Rc1 Nbd7 8. cxd5 exd5 9. Ngf3 Nh5 10. Bg5 f6 11. Bh4 g5 12. Bg3 Nxg3 13. hxg3 Bd6 14. Bd3 Nb6 15. Qc2 Bxd3 16. Qxd3 Qd7 17. Nb3 O-O-O 18. Nc5 Bxc5 19. Rxc5 Nc4 20. b3 Nd6 21. Ke2 Ne4 22. Rc2 Rde8 23. b4 Kb8 24. Rb1 Qf5 25. Ke1 Nxg3 26. Qxf5 Nxf5 27. b5 cxb5 28. g4 Nd6 29. Rc5 h5 30. gxh5 g4 31. Nh2 g3 32. fxg3 Rxe3+ 33. Kf1 Ne4 34. Rxd5 Nc3 35. Rc1 Nxd5 36. Kf2 Rhe8 37. Ng4 Re2+ 38. Kf3 Rxa2 39. h6 f5 40. Ne5 Rh2 41. Rb1 b4 42. Rc1 Rxh6 0-1


[Site "https://www.chess.com"]

[Event "Late Titled Tuesday Blitz February 8 2022"]
[White "Poormosavi, Seyed Kian"]
[Black "Curtis, John"]
[WhiteFideId "12585807"]
[BlackFideId "3200256"]
[WhiteElo "2116"]
[BlackElo "2203"]
[Result "1-0"]
[Round "06"]
[TimeControl "180+1"]
[Date "2022.02.09"]
[WhiteClock "0:01:17"]
[BlackClock "0:00:19"]

1. e4 c6 2. Nf3 d5 3. Nc3 dxe4 4. Nxe4 Bg4 5. Bc4 e6 6. Ng3 Nd7 7. d4 Ngf6 8. h3 Bxf3 9. Qxf3 Bd6 10. O-O O-O 11. c3 Re8 12. Re1 a6 13. a4 Qc7 14. Bg5 Rab8 15. a5 Nd5 16. Nh5 g6 17. Ng3 Bf4 18. h4 Bxg5 19. hxg5 Qd8 20. Ne4 Kg7 21. g3 Rh8 22. Kg2 h5 23. gxh6+ Rxh6 24. Rh1 Rxh1 25. Rxh1 Qe7 26. g4 Rh8 27. Rxh8 Kxh8 28. g5 Kg7 29. Qh3 e5 30. dxe5 Qxe5 31. Bxd5 cxd5 32. Ng3 Nc5 33. Qg4 Ne4 34. Ne2 Qxg5 35. Qxg5 Nxg5 36. Nf4 Ne4 37. Nxd5 Nc5 38. Kf3 f5 39. b4 Na4 40. Kf4 Kf7 41. Ke5 Ke8 42. Kf6 Kd7 43. Kxg6 Kd6 44. Ne3 Nxc3 45. Nxf5+ Ke5 46. Ne3 Nd5 47. Nxd5 Kxd5 48. f4 Kc4 49. f5 Kxb4 50. f6 Kxa5 51. f7 b5 52. f8=Q b4 53. Kf5 Ka4 54. Ke4 Kb3 55. Kd3 a5 56. Qf7+ Kb2 57. Qf6+ Ka2 58. Kc2 b3+ 59. Kc1 a4 60. Qb2# 1-0


[Site "https://www.chess.com"]

[Event "Late Titled Tuesday Blitz February 8 2022"]
[White "Postnikov, Daniil"]
[Black "Maksimovic, Bojan"]
[WhiteFideId "4166329"]
[BlackFideId "14408120"]
[WhiteElo "2261"]
[BlackElo "2450"]
[Result "0-1"]
[Round "06"]
[TimeControl "180+1"]
[Date "2022.02.08"]
[WhiteClock "0:00:05"]
[BlackClock "0:00:05"]

1. e4 c5 2. Nf3 Nc6 3. Bb5 e6 4. O-O Nge7 5. Re1 a6 6. Bf1 d5 7. e5 Ng6 8. c3 d4 9. g3 Be7 10. h4 h5 11. Bd3 b6 12. Be4 Bb7 13. cxd4 Qd7 14. Qb3 Nxd4 15. Nxd4 cxd4 16. Bxb7 Qxb7 17. Qa4+ Qd7 18. Qxd7+ Kxd7 19. d3 Rhc8 20. Nd2 Bb4 21. Re4 Bxd2 22. Bxd2 Rc2 23. Rxd4+ Ke8 24. Bc3 Ne7 25. Rd6 Nd5 26. Bd4 Rb8 27. Rf1 Ke7 28. f4 g6 29. Rf2 Rxf2 30. Kxf2 Rc8 31. Bxb6 Rc2+ 32. Kf3 Rxb2 33. Bc5 Ke8 34. Rxa6 Rd2 35. d4 Rd3+ 36. Kg2 Rd2+ 37. Kh3 Ne3 38. Ra8+ Kd7 39. Ra7+ Kc6 40. Rxf7 Ng4 0-1


[Site "https://www.chess.com"]

[Event "Late Titled Tuesday Blitz February 8 2022"]
[White "Potapova, Margarita"]
[Black "Jones, Gawain C B"]
[WhiteFideId "14126869"]
[BlackFideId "409561"]
[WhiteElo "2209"]
[BlackElo "2657"]
[Result "1-0"]
[Round "06"]
[TimeControl "180+1"]
[Date "2022.02.08"]
[WhiteClock "0:00:14"]
[BlackClock "0:00:03"]

1. d4 Nf6 2. c4 c5 3. d5 b5 4. cxb5 a6 5. bxa6 g6 6. Nc3 Bxa6 7. e4 Bxf1 8. Kxf1 d6 9. Nf3 Bg7 10. g3 O-O 11. Kg2 Nbd7 12. a4 Ra6 13. Qe2 Qa8 14. Re1 Rb8 15. Ra3 Rb4 16. Bf4 Nh5 17. Bg5 Nb6 18. Bxe7 Nc4 19. Raa1 Qb7 20. Bg5 Nxb2 21. Rac1 c4 22. Rc2 Nd3 23. Rd1 Rb3 24. Nb5 Rxa4 25. Nxd6 Qa6 26. Ne8 Bh8 27. e5 Qa8 28. Nc7 Qb7 29. e6 Qxc7 30. e7 Ng7 31. e8=Q+ Nxe8 32. Qxe8+ Kg7 33. Qxa4 Rb4 34. Qa1+ Kg8 35. Bf6 Bxf6 36. Qxf6 Nc5 37. d6 Qd7 38. Qe7 Qc6 39. d7 Nxd7 40. Rxd7 Qe6 41. Qxe6 fxe6 42. Rd4 Rb8 43. Rdxc4 Kg7 44. Rc7+ Kh6 45. Rc8 Rb4 46. h4 Kh5 47. R8c7 h6 48. R7c5+ g5 49. hxg5 e5 50. gxh6 Kxh6 51. Rxe5 Rb6 52. Rce2 Rb4 53. R5e4 Rb5 54. Rg4 Kh5 55. Rg8 Kh6 56. Re1 Kh7 57. Rg4 Rh5 58. Rh1 Kh6 59. Rxh5+ Kxh5 1-0


[Site "https://www.chess.com"]

[Event "Late Titled Tuesday Blitz February 8 2022"]
[White "Pourkashiyan, Atousa"]
[Black "Balint, Vilmos"]
[WhiteFideId "12502014"]
[BlackFideId "718050"]
[WhiteElo "2247"]
[BlackElo "2059"]
[Result "1-0"]
[Round "06"]
[TimeControl "180+1"]
[Date "2022.02.09"]
[WhiteClock "0:00:20"]
[BlackClock "0:00:39"]

1. e4 e6 2. d4 d5 3. Nd2 a6 4. Ngf3 c5 5. exd5 exd5 6. dxc5 Bxc5 7. Bd3 Nf6 8. O-O O-O 9. Nb3 Be7 10. c3 Nc6 11. h3 Re8 12. Bc2 Be6 13. Qd3 g6 14. Qd1 Rc8 15. Bh6 Qd7 16. Ng5 Bf5 17. Re1 Bxc2 18. Qxc2 Bf8 19. Bxf8 Kxf8 20. Qd2 Kg7 21. Rad1 h6 22. Nf3 Rxe1+ 23. Rxe1 Qd6 24. Nbd4 Rd8 25. Qd3 Qf4 26. Nxc6 bxc6 27. Qxa6 Rd6 28. Qd3 Qa4 29. a3 Qb3 30. Qd2 Ne4 31. Qd4+ Kh7 32. Re2 Rf6 33. Rxe4 dxe4 34. Qxf6 exf3 35. Qxf3 Qxb2 36. Qxf7+ Kh8 37. Qf6+ Kh7 38. Qf7+ Kh8 39. Qxg6 Qxc3 40. Qxh6+ Kg8 41. Qg5+ Kh8 42. Qh4+ Kg8 43. Qg3+ Qxg3 44. fxg3 c5 45. Kf2 c4 46. Ke3 1-0


[Site "https://www.chess.com"]